 Dungeon Crawl Stone Soup version 0.28.0-53-g5a82cb258f (webtiles) character file.

Game seed: 8783373965479728302

49 Gabide the Skirmisher (level 3, 0/29 HPs)
             Began as a Mummy Monk on June 2, 2022.
             Slain by a gnoll
             ... wielding a +0 club
              (6 damage)
             ... on level 1 of the Dungeon.
             The game lasted 00:01:50 (1569 turns).

Gabide the Skirmisher (Mummy Monk)                  Turns: 1569, Time: 00:01:51

Health: 0/29       AC:  3    Str: 14    XL:     3   Next: 51%
Magic:  3/3        EV: 13    Int:  9    God:
Gold:   26         SH:  0    Dex: 16    Spells: 2/2 levels left

rFire   x . .      SeeInvis .   c - +2 hand axe (freeze)
rCold   + . .      Faith    .   (no shield)
rNeg    + + +      Spirit   .   a - +0 robe
rPois   ∞          Reflect  .   (no helmet)
rElec   .          Harm     .   (no cloak)
rCorr   .          Rampage  .   (no gloves)
Will    .....                   b - +0 pair of boots
Stlth   ++........              (no amulet)
HPRegen 0.09/turn               (no ring)
MPRegen 0.08/turn               (no ring)

@: no status effects
A: cold resistance 1, negative energy resistance 3, torment resistance 2, heat
vulnerability 1, no potions
a: no special abilities


You were on level 1 of the Dungeon.
You visited 1 branch of the dungeon, and saw 2 of its levels.

You collected 26 gold pieces.

Inventory:

Hand Weapons
 c - a +2 hand axe of freezing (weapon)
Armour
 a - a +0 robe (worn)
 b - a +0 pair of boots (worn)
Scrolls
 d - a scroll of teleportation {unknown}


   Skills:
 + Level 3.5 Fighting
 + Level 2.9 Dodging
 - Level 1.5 Stealth
 + Level 3.0 Unarmed Combat


You had 2 spell levels left.
You didn't know any spells.
Your spell library contained the following spells:

 Spells                   Type           Power      Damage    Failure   Level
 Freeze                   Ice            0%         1d3       38%         1
 Frozen Ramparts          Ice            0%         1d2       77%         3
 Hailstorm                Conj/Ice       0%         3d3       99%         4


Dungeon Overview and Level Annotations

Branches:
Dungeon (2/15)

Altars:


Innate Abilities, Weirdness & Mutations

You are immune to poison.
Your flesh is cold resistant. (rC+)
You are immune to negative energy. (rN+++)
You are immune to unholy pain and torment.
You are vulnerable to heat. (rF-)
You do not drink.


Message History

There is a stone staircase leading up here.
The jackal misses you. The jackal closely misses you.
The gnoll barely misses you. The gnoll hits you with a +0 club.
You climb upwards.
There is a stone staircase leading down here.
The jackal bites you.
You see here a jackal corpse.
The jackal bites you. The jackal bites you.
The jackal bites you but does no damage.
You hit the jackal. You freeze the jackal.
You kill the jackal!
Your Unarmed Combat skill increases to level 3!
You completely miss the gnoll. The gnoll closely misses you.
You hit the gnoll. You freeze the gnoll.
The gnoll is heavily wounded.
The gnoll closely misses you.
You hit the gnoll but do no damage.
The gnoll is heavily wounded.
The gnoll closely misses you. The gnoll barely misses you.
You hit the gnoll but do no damage.
The gnoll is heavily wounded.
The gnoll hits you with a +0 club.
* * * LOW HITPOINT WARNING * * *
There is an open door here.
A gnoll breaks down the door.
You see here a +0 club.
You aren't carrying any items that you can evoke.
Okay, then.
You closely miss the gnoll.
The gnoll is heavily wounded.
The gnoll hits you with a +0 club. x2
* * * LOW HITPOINT WARNING * * *
You closely miss the gnoll.
The gnoll is heavily wounded.
The gnoll misses you.
You hit the gnoll. You freeze the gnoll.
The gnoll is severely wounded.
The gnoll hits you with a +0 club.
You die...

....#....#.........###.###...#...
######..............#...#....#...
.....##≈≈≈#'..########.......'...
.....#.....#.## #.......#...
.....≈..<..≈.# #...).......
.....≈..⌠..≈.#### ###.###..###
.....#.....#....## ##.###..#♣♣
#≈§≈###≈≈≈###.#gg# #.......#♣.
.....#......#.##@## ##.###'##.♣
..⌠..≈..!...#.##..# #......#♣.
.....≈......#g###.# #......###
.....#......#.# #.# #........#
#≈≈≈##........# #.# #####.##..
)....######...# #.## #.....
.......g..g...# #..# #.##..
##################.## #.##..
#............# #.##..


You could see 2 gnolls.

Vanquished Creatures
  A gnoll (D:1)
  3 dart slugs (D:1)
  A ball python (D:1)
  3 bats (D:1)
  5 endoplasms (D:1)
  4 giant cockroaches (D:1)
  2 goblins (D:1)
  3 hobgoblins (D:1)
  2 jackals (D:1)
  A quokka (D:1)
  A frilled lizard (D:1)
  3 rats (D:1)
29 creatures vanquished.

Notes
Turn   | Place    | Note
-------+----------+-------------------------------------------
     0 | D:1      | Gabide the Mummy Monk began the quest for the Orb.
     0 | D:1      | Reached XP level 1. HP: 18/18 MP: 1/1
    76 | D:1      | Reached XP level 2. HP: 3/24 MP: 2/2
   942 | D:1      | Reached XP level 3. HP: 29/29 MP: 3/3
  1569 | D:1      | Slain by a gnoll

Illustrated notes

Levels and vault maps discovered:
D:1:      dpeg_arrival_rooms_with_view, layout_basic, chequers_arboretum,
          hex_large, kennysheep_doodads
D:2:      layout_basic, basic_ecumenical_altar, kennysheep_another_room,
          serial_bayou_crossing

Skill      XL: |  1  2  3 |
---------------+----------+-----
Unarmed Combat | 3 |  3.0
Fighting       | |  3.5
Dodging        | |  2.9
Stealth        | |  1.5

Action                   || total
-------------------------++-------
Melee: Unarmed           ||    22
       Punch             ||     4
       Hand axe          ||    74
 Stab: Sleeping          ||     4
Armor: Robe              ||    25
Dodge: Dodged            ||    56
